TOP OF THE 1ST |
Las Vegas 51s batting - Pitching for Iowa Cubs : RHP Nicolai Volnov
|
Pitching: RHP Nicolai Volnov
|
|
Batting: SHB Jason Larson
|
0-0: Ball 1-0: Ball 2-0: Ball 3-0: Called Strike 3-1: Base on Balls
|
Batting: LHB Adam Hairston
|
0-0: Ball 1-0: Swinging Strike 1-1: Called Strike Jason Larson steals 2nd base 1-2: Ball 2-2: Foul Ball, location: 2F 2-2: Strikes out swinging
|
Batting: RHB Josh Jones
|
0-0: Ball 1-0: Called Strike 1-1: DOUBLE (Groundball, 3L, EV 100.0 MPH) Jason Larson scores
|
Batting: SHB Harrison Feist
|
0-0: Called Strike 0-1: Foul Ball, location: 2F 0-2: Strikes out swinging
|
Batting: LHB Bill Armijo
|
0-0: Ball 1-0: Called Strike 1-1: Swinging Strike 1-2: Ball 2-2: Strikes out looking
|
Top of the 1st over - 1 run, 1 hit, 0 errors, 1 left on base; Las Vegas 1 - Iowa 0 |
BOTTOM OF THE 1ST |
Iowa Cubs batting - Pitching for Las Vegas 51s : RHP Austin Kuhn
|
Pitching: RHP Austin Kuhn
|
|
Batting: SHB Seung-ho Zhang
|
0-0: Ball 1-0: Ball 2-0: Ball 3-0: Called Strike 3-1: Foul Ball, location: 2F 3-2: Reached on error, E3 (Groundball, 34S, EV 81.9 MPH)
|
Batting: RHB Jon Aguilar
|
0-0: Called Strike 0-1: Called Strike 0-2: Fly out, F9 (Line Drive, 9, EV 101.2 MPH)
|
Batting: RHB Jose Balderrama
|
0-0: Called Strike Seung-ho Zhang steals 2nd base 0-1: Ball 1-1: Ball 2-1: Ball 3-1: Base on Balls
|
Batting: RHB Ricardo Aguinaga
|
0-0: Ball 1-0: Called Strike 1-1: Called Strike 1-2: Strikes out swinging
|
Batting: LHB Mark Ingram
|
0-0: Ball 1-0: Ball 2-0: Fly out, F9 (Flyball, 9S, EV 73.1 MPH)
|
Bottom of the 1st over - 0 runs, 0 hits, 1 error, 2 left on base; Las Vegas 1 - Iowa 0 |
TOP OF THE 2ND |
Las Vegas 51s batting - Pitching for Iowa Cubs : RHP Nicolai Volnov
|
Batting: RHB Darwin Mills
|
0-0: Called Strike 0-1: Foul Ball, location: 2F 0-2: Ball 1-2: Strikes out swinging
|
Batting: RHB Devine Adams
|
0-0: Ground out 5-3 (Groundball, 56S, EV 76.2 MPH)
|
Batting: LHB Jose Chavez
|
0-0: Ground out 5-3 (Groundball, 56S, EV 83.1 MPH)
|
Top of the 2nd over - 0 runs, 0 hits, 0 errors, 0 left on base; Las Vegas 1 - Iowa 0 |
BOTTOM OF THE 2ND |
Iowa Cubs batting - Pitching for Las Vegas 51s : RHP Austin Kuhn
|
Batting: RHB Adam O'Hare
|
0-0: Ball 1-0: Ball 2-0: Ball 3-0: Called Strike 3-1: Base on Balls
|
Batting: RHB Brian Gargis
|
0-0: Ground out 6-3 (Groundball, 6, EV 98.1 MPH) Adam O'Hare to second
|
Batting: RHB Rich Thurman
|
0-0: Ball 1-0: Ball 2-0: Called Strike 2-1: SINGLE (Line Drive, 8RS, EV 105.0 MPH) Adam O'Hare to third
|
Batting: RHB Adam Kelliher
|
0-0: Ball 1-0: Ball 2-0: Called Strike 2-1: Foul Ball, location: 2F 2-2: Grounds into double play, 1-4-3 (Groundball, 15S, EV 68.8 MPH)
|
Bottom of the 2nd over - 0 runs, 1 hit, 0 errors, 1 left on base; Las Vegas 1 - Iowa 0 |
TOP OF THE 3RD |
Las Vegas 51s batting - Pitching for Iowa Cubs : RHP Nicolai Volnov
|
Batting: RHB Alex Vasquez
|
0-0: Ball 1-0: Swinging Strike 1-1: Ball 2-1: Foul Ball, location: 2F 2-2: Strikes out swinging
|
Batting: SHB Jason Larson
|
0-0: Foul Ball, location: 2F 0-1: SINGLE (Groundball, 5D, EV 100.0 MPH)
|
Batting: LHB Adam Hairston
|
0-0: Called Strike 0-1: Called Strike Jason Larson is caught stealing 2nd base 2-6 0-2: Ball 1-2: Ball 2-2: Foul Ball, location: 2F 2-2: Strikes out looking
|
Top of the 3rd over - 0 runs, 1 hit, 0 errors, 0 left on base; Las Vegas 1 - Iowa 0 |
BOTTOM OF THE 3RD |
Iowa Cubs batting - Pitching for Las Vegas 51s : RHP Austin Kuhn
|
Batting: SHB Seung-ho Zhang
|
0-0: Called Strike 0-1: SINGLE (Groundball, 4MD, EV 104.4 MPH)
|
Batting: RHB Jon Aguilar
|
0-0: Fielders Choice at 2nd, 4-6 (Groundball, 4, EV 88.1 MPH)
|
Batting: RHB Jose Balderrama
|
0-0: Ball 1-0: Ball Jon Aguilar is caught stealing 2nd base 2-4 2-0: Foul Ball, location: 2F 2-1: Ground out 6-3 (Groundball, 6, EV 81.9 MPH)
|
Bottom of the 3rd over - 0 runs, 1 hit, 0 errors, 0 left on base; Las Vegas 1 - Iowa 0 |
TOP OF THE 4TH |
Las Vegas 51s batting - Pitching for Iowa Cubs : RHP Nicolai Volnov
|
Batting: RHB Josh Jones
|
0-0: SINGLE (Groundball, 4MS, EV 74.4 MPH) (infield hit)
|
Batting: SHB Harrison Feist
|
0-0: Ball 1-0: Swinging Strike 1-1: Called Strike 1-2: Fielders Choice at 2nd, 3-6 (Groundball, 3S, EV 78.1 MPH)
|
Batting: LHB Bill Armijo
|
0-0: Called Strike 0-1: Called Strike 0-2: Ball 1-2: Strikes out swinging
|
Batting: RHB Darwin Mills
|
0-0: Foul Ball, location: 2F 0-1: Called Strike 0-2: Ball 1-2: Strikes out swinging
|
Top of the 4th over - 0 runs, 1 hit, 0 errors, 1 left on base; Las Vegas 1 - Iowa 0 |
BOTTOM OF THE 4TH |
Iowa Cubs batting - Pitching for Las Vegas 51s : RHP Austin Kuhn
|
Batting: RHB Ricardo Aguinaga
|
0-0: Fly out, F9 (Line Drive, 89D, EV 106.9 MPH)
|
Batting: LHB Mark Ingram
|
0-0: Ball 1-0: Called Strike 1-1: Ball 2-1: Foul Ball, location: 2F 2-2: Foul Ball, location: 2F 2-2: Ball 3-2: Base on Balls
|
Batting: RHB Adam O'Hare
|
0-0: Ball 1-0: Foul Ball, location: 2F 1-1: Ball 2-1: DOUBLE (Flyball, 8RXD, EV 91.2 MPH) Mark Ingram to third
|
Batting: RHB Brian Gargis
|
0-0: Ball 1-0: Ball 2-0: Swinging Strike 2-1: Called Strike 2-2: Strikes out swinging
|
Batting: RHB Rich Thurman
|
0-0: Called Strike 0-1: Called Strike 0-2: Strikes out swinging
|
Bottom of the 4th over - 0 runs, 1 hit, 0 errors, 2 left on base; Las Vegas 1 - Iowa 0 |
TOP OF THE 5TH |
Las Vegas 51s batting - Pitching for Iowa Cubs : RHP Nicolai Volnov
|
Batting: RHB Devine Adams
|
0-0: Ball 1-0: Swinging Strike 1-1: Foul Ball, location: 2F 1-2: Foul Ball, location: 2F 1-2: Ball 2-2: Ball 3-2: Fly out, F7 (Line Drive, 7D, EV 92.5 MPH)
|
Batting: LHB Jose Chavez
|
0-0: Fly out, F9 (Flyball, 9, EV 92.5 MPH)
|
Batting: RHB Alex Vasquez
|
0-0: Fly out, F8 (Flyball, 8RM, EV 87.5 MPH)
|
Top of the 5th over - 0 runs, 0 hits, 0 errors, 0 left on base; Las Vegas 1 - Iowa 0 |
BOTTOM OF THE 5TH |
Iowa Cubs batting - Pitching for Las Vegas 51s : RHP Austin Kuhn
|
Batting: RHB Adam Kelliher
|
0-0: Called Strike 0-1: DOUBLE (Flyball, 8LXD, EV 108.8 MPH)
|
Batting: SHB Seung-ho Zhang
|
0-0: Ball 1-0: Ball Wild Pitch! Adam Kelliher to third 2-0: Called Strike 2-1: Swinging Strike 2-2: Ground out 6-3 (Groundball, 4M, EV 101.2 MPH) Adam Kelliher scores
|
Batting: RHB Jon Aguilar
|
0-0: Ball 1-0: Fly out, F8 (Flyball, 8RD, EV 91.2 MPH)
|
Batting: RHB Jose Balderrama
|
0-0: Ball 1-0: Fly out, F8 (Flyball, 8LS, EV 89.4 MPH)
|
Bottom of the 5th over - 1 run, 1 hit, 0 errors, 0 left on base; Las Vegas 1 - Iowa 1 |
TOP OF THE 6TH |
Las Vegas 51s batting - Pitching for Iowa Cubs : RHP Nicolai Volnov
|
Batting: SHB Jason Larson
|
0-0: Called Strike 0-1: Called Strike 0-2: Ball 1-2: Foul Ball, location: 2F 1-2: Ball 2-2: Strikes out swinging
|
Batting: LHB Adam Hairston
|
0-0: DOUBLE (Line Drive, 78D, EV 98.1 MPH)
|
Batting: RHB Josh Jones
|
0-0: Called Strike 0-1: Ball 1-1: Ball 2-1: Swinging Strike 2-2: Strikes out swinging
|
Batting: SHB Harrison Feist
|
0-0: Foul Ball, location: 2F 0-1: Ball 1-1: Ball 2-1: Ground out U3 (Groundball, 3, EV 105.0 MPH)
|
Top of the 6th over - 0 runs, 1 hit, 0 errors, 1 left on base; Las Vegas 1 - Iowa 1 |
BOTTOM OF THE 6TH |
Iowa Cubs batting - Pitching for Las Vegas 51s : RHP Austin Kuhn
|
Batting: RHB Ricardo Aguinaga
|
0-0: Called Strike 0-1: Ground out 4-3 (Groundball, 34D, EV 101.2 MPH)
|
Batting: LHB Mark Ingram
|
0-0: Called Strike 0-1: Ball 1-1: Swinging Strike 1-2: Ball 2-2: Strikes out looking
|
Batting: RHB Adam O'Hare
|
0-0: Called Strike 0-1: Foul Ball, location: 2F 0-2: Ball 1-2: Ball 2-2: Ball 3-2: Base on Balls
|
Batting: RHB Brian Gargis
|
0-0: Ball 1-0: Fly out, F9 (Line Drive, 9, EV 106.9 MPH)
|
Bottom of the 6th over - 0 runs, 0 hits, 0 errors, 1 left on base; Las Vegas 1 - Iowa 1 |
TOP OF THE 7TH |
Las Vegas 51s batting - Pitching for Iowa Cubs : RHP Nicolai Volnov
|
Batting: LHB Bill Armijo
|
0-0: Hit by Pitch
|
Batting: RHB Darwin Mills
|
0-0: Called Strike 0-1: Called Strike Bill Armijo is caught stealing 2nd base 2-4 0-2: Foul Ball, location: 2F 0-2: Foul Ball, location: 2F 0-2: Foul Ball, location: 2F 0-2: Ball 1-2: Ball 2-2: Foul Ball, location: 2F 2-2: Ball 3-2: Fly out, F9 (Flyball, 9S, EV 82.5 MPH)
|
Batting: RHB Devine Adams
|
0-0: Swinging Strike 0-1: Ball 1-1: Foul Ball, location: 2F 1-2: Strikes out looking
|
Top of the 7th over - 0 runs, 0 hits, 0 errors, 0 left on base; Las Vegas 1 - Iowa 1 |
BOTTOM OF THE 7TH |
Iowa Cubs batting - Pitching for Las Vegas 51s : RHP Austin Kuhn
|
Batting: RHB Rich Thurman
|
0-0: Called Strike 0-1: Foul Ball, location: 2F 0-2: Foul Ball, location: 2F 0-2: Strikes out swinging, 2-3 out at first.
|
Batting: RHB Adam Kelliher
|
0-0: Ball 1-0: Ball 2-0: Called Strike 2-1: DOUBLE (Line Drive, 9LS, EV 96.2 MPH)
|
Batting: SHB Seung-ho Zhang
|
0-0: Ground out 4-3 (Groundball, 34, EV 102.5 MPH) Adam Kelliher to third
|
Batting: RHB Jon Aguilar
|
0-0: Foul Ball, location: 2F 0-1: Swinging Strike 0-2: Ground out U3 (Groundball, 3, EV 89.4 MPH)
|
Bottom of the 7th over - 0 runs, 1 hit, 0 errors, 1 left on base; Las Vegas 1 - Iowa 1 |
TOP OF THE 8TH |
Las Vegas 51s batting - Pitching for Iowa Cubs : RHP Nicolai Volnov
|
Batting: LHB Jose Chavez
|
0-0: Swinging Strike 0-1: Ball 1-1: Ground out 1-3 (Groundball, 13S, EV 66.2 MPH)
|
Batting: RHB Alex Vasquez
|
0-0: Called Strike 0-1: Foul Ball, location: 2F 0-2: Strikes out swinging
|
Batting: SHB Jason Larson
|
0-0: Fly out, F4 (Line Drive, 4M, EV 66.9 MPH)
|
Top of the 8th over - 0 runs, 0 hits, 0 errors, 0 left on base; Las Vegas 1 - Iowa 1 |
BOTTOM OF THE 8TH |
Iowa Cubs batting - Pitching for Las Vegas 51s : RHP Austin Kuhn
|
Pitching: RHP Alastair Henry
|
|
Batting: RHB Jose Balderrama
|
0-0: Foul Ball, location: 2F 0-1: Ball 1-1: Fly out, F4 (Line Drive, 4, EV 69.4 MPH)
|
Pinch Hitting: SHB Gabriel Cruz
|
0-0: Ball 1-0: Swinging Strike 1-1: Ball 2-1: Ground out 4-3 (Groundball, 4, EV 101.2 MPH)
|
Batting: LHB Mark Ingram
|
0-0: Called Strike 0-1: Ball 1-1: Ball 2-1: Ball 3-1: Base on Balls
|
Batting: RHB Adam O'Hare
|
0-0: Ball 1-0: Ball 2-0: Ball 3-0: Called Strike 3-1: Foul Ball, location: 2F 3-2: Foul Ball, location: 2F 3-2: Ground out 1-3 (Groundball, 23, EV 68.8 MPH)
|
Bottom of the 8th over - 0 runs, 0 hits, 0 errors, 1 left on base; Las Vegas 1 - Iowa 1 |
TOP OF THE 9TH |
Las Vegas 51s batting - Pitching for Iowa Cubs : RHP Nicolai Volnov
|
Pitching: RHP Josh Ready
|
|
Now at 1B: Gabriel Cruz
|
|
Batting: LHB Adam Hairston
|
0-0: Ball 1-0: Swinging Strike 1-1: Foul Ball, location: 2F 1-2: Ball 2-2: Ball 3-2: Foul Ball, location: 2F 3-2: Strikes out looking
|
Batting: RHB Josh Jones
|
0-0: Ground out 2-3 (Groundball, 2R, EV 65.6 MPH)
|
Batting: SHB Harrison Feist
|
0-0: Ball 1-0: Ball 2-0: Foul Ball, location: 2F 2-1: Foul Ball, location: 2F 2-2: Strikes out swinging wild pitch, reaches first!
|
Batting: LHB Bill Armijo
|
0-0: Called Strike 0-1: Swinging Strike 0-2: Ball 1-2: Fly out, F7 (Flyball, 78S, EV 81.2 MPH)
|
Top of the 9th over - 0 runs, 0 hits, 0 errors, 1 left on base; Las Vegas 1 - Iowa 1 |
BOTTOM OF THE 9TH |
Iowa Cubs batting - Pitching for Las Vegas 51s : RHP Alastair Henry
|
Pitching: RHP Thomas Clark
|
|
Batting: RHB Brian Gargis
|
0-0: Ball 1-0: Foul Ball, location: 2F 1-1: SINGLE (Groundball, 56S, EV 67.5 MPH) (infield hit)
|
Pinch Hitting: LHB Sumiki Okuhara
|
0-0: Called Strike 0-1: Called Strike Brian Gargis steals 2nd base 0-2: Foul Ball, location: 2F 0-2: Ball 1-2: Foul Ball, location: 2F 1-2: Foul Ball, location: 2F 1-2: Ball 2-2: Ball 3-2: Intentional Walk
|
Batting: RHB Adam Kelliher
|
0-0: SINGLE (Groundball, 56D, EV 96.2 MPH) Brian Gargis to third Sumiki Okuhara to second
|
Batting: SHB Seung-ho Zhang
|
0-0: Called Strike 0-1: Ball 1-1: Swinging Strike 1-2: Strikes out swinging
|
Batting: RHB Jon Aguilar
|
0-0: Called Strike 0-1: Ball 1-1: Foul Ball, location: 2F 1-2: Ball 2-2: Strikes out looking
|
Batting: RHB Jose Balderrama
|
0-0: Foul Ball, location: 2F 0-1: Ball 1-1: Foul Ball, location: 2F 1-2: Ball 2-2: Ball 3-2: Base on Balls Brian Gargis scores Sumiki Okuhara to third Adam Kelliher to second
|
Bottom of the 9th over - 1 run, 2 hits, 0 errors, 3 left on base; Las Vegas 1 - Iowa 2 |
|